 Dungeon Crawl Stone Soup version 0.20.1-1-g8b1a95d (webtiles) character file.

744 equalderp2856 the Chopper (level 7, -1/61 HPs)
             Began as a Minotaur Fighter on July 26, 2017.
             Slain by Pikel
             ... wielding a +1 whip of electrocution
              (16 damage)
             ... on level 4 of the Dungeon.
             The game lasted 00:09:30 (3555 turns).

equalderp2856 the Chopper (Minotaur Fighter)        Turns: 3555, Time: 00:09:31

Health: -1/61      AC: 13    Str: 20    XL:     7   Next: 47%
Magic:  6/6        EV:  5    Int:  5    God:
Gold:   201        SH: 10    Dex: 12    Spells: 6/6 levels left

rFire    . . .     SeeInvis .   a - +0 war axe
rCold    . . .     Gourm    .   c - +0 shield
rNeg     . . .     Faith    .   J - +0 plate armour
rPois    .         Spirit   .   (helmet restricted)
rElec    .         Reflect  .   (no cloak)
rCorr    .         Harm     .   (no gloves)
MR       .....                  z - +0 pair of boots
Stlth    ..........             (no amulet)
Regen    0.2/turn               (no ring)
MPRegen  0.1/turn               (no ring)

@: lethally poisoned (-1 -> -1)
A: retaliatory headbutt, horns 2
a: no special abilities


You were on level 4 of the Dungeon.
You were hungry.

You visited 1 branch of the dungeon, and saw 4 of its levels.
You also visited: Sewer.

You collected 201 gold pieces.

Inventory:

Hand Weapons
 a - a +0 war axe (weapon)
 i - a +0 hunting sling
 r - a +0 dagger of venom
 F - a +2 vampiric spear
 K - a cursed -3 scimitar
Missiles
 q - 164 stones (quivered)
 s - 34 bolts
 v - 8 sling bullets
 y - 39 arrows
 A - 2 javelins
 C - 3 tomahawks
Armour
 b - a +0 scale mail
 c - a +0 shield (worn)
 z - a +0 pair of boots (worn)
 G - a +0 pair of boots
 J - a +0 plate armour (worn)
 L - a +0 plate armour
Jewellery
 m - an uncursed ring of wizardry {unknown}
 B - a cursed amulet of inaccuracy {unknown}
 M - an uncursed ring of magical power {unknown}
Scrolls
 h - a scroll of teleportation {unknown}
 j - 2 scrolls of identify {unknown}
 k - a scroll of random uselessness {unknown}
 n - 3 scrolls of blinking {unknown}
 o - a scroll of amnesia {unknown}
 D - a scroll of remove curse {unknown}
 E - 2 scrolls of enchant armour {unknown}
Potions
 d - a potion of cancellation {unknown}
 e - 4 potions of curing {unknown}
 g - a potion of resistance {unknown}
 l - 2 potions of agility {unknown}
 t - 3 potions of mutation {unknown}
 u - 2 potions of haste {unknown}
 x - a potion of ambrosia {unknown}
 I - a potion of heal wounds {unknown}
 O - a potion of brilliance {unknown}
Comestibles
 f - a bread ration
 p - 3 meat rations
 w - 5 fruits
 H - a royal jelly


   Skills:
 + Level 5.5 Fighting
 + Level 6.2 Axes
 + Level 5.7 Armour
 + Level 2.5 Dodging
 + Level 0.3 Stealth
 + Level 5.4 Shields


You had 6 spell levels left.
You didn't know any spells.

Dungeon Overview and Level Annotations

Branches:
Dungeon (4/15)
 Temple: D:4-7

Altars:
Uskayaw

Shops:
D:4 (*

Annotations:
D:2 Sigmund
D:4 Pikel


Innate Abilities, Weirdness & Mutations

You reflexively headbutt those who attack you in melee.
You have a pair of horns on your head.


Message History

You feel sick. The ogre hits you but does no damage.
Your shield prevents you from hitting the ogre.
You headbutt the ogre.
The ogre is severely wounded.
You block the ogre's attack.
You hit the ogre. You headbutt the ogre.
The ogre is almost dead.
You block the ogre's attack.
You slash the ogre!
You kill the ogre!
You feel sick.
You closely miss Pikel. You hit Pikel.
Pikel is lightly wounded.
Pikel hits you but does no damage.
You are electrocuted!
* * * LOW HITPOINT WARNING * * *
You slash Pikel! You headbutt Pikel, but do no damage.
Pikel is moderately wounded.
You feel sick. Pikel hits you but does no damage.
You are electrocuted!
You die...

.............8....#.#
###.....###..###.#.#
#.s...# #### #.#.#
#.....# #...# #.....#
##..# #..K..# ###..##
######.....#######.....#
#.K.K......##....'...>.#
#.###.....s##@####.....#
#(# #..p..O.#K#..#.....#
#p# ##......#p...#.....#
###.#
######.....##.....#
#...# ########.....#
#$### #.....# #. #.....#
#. ####### ##


You could see Pikel and a slave.

Vanquished Creatures
  An orc warrior (D:4)
  2 ogres (D:4)
  A crocodile (Sewer)
  Blork the orc (D:4)
  A scorpion (D:4)
  2 hounds
  An iguana (D:4)
  A worker ant (D:4)
  An adder (D:2)
  5 gnolls
  A river rat (D:3)
  An ooze (D:1)
  4 worms
  2 dart slugs (D:1)
  5 leopard geckos
  8 orcs
  11 bats
  6 giant cockroaches
  8 goblins
  A hobgoblin (D:1)
  7 jackals (D:3)
  7 kobolds
  4 frilled lizards
  A leopard gecko skeleton (D:4)
  13 rats
95 creatures vanquished.

Notes
Turn   | Place    | Note
-------+----------+-------------------------------------------
     0 | D:1      | equalderp2856 the Minotaur Fighter began the quest for the Orb.
     0 | D:1      | Reached XP level 1. HP: 19/19 MP: 0/0
     3 | D:1      | Noticed an electric eel
   113 | D:1      | Reached XP level 2. HP: 27/27 MP: 1/1
   284 | D:1      | Reached XP level 3. HP: 24/33 MP: 2/2
   726 | D:1      | Reached skill level 1 in Dodging
  1091 | D:2      | Reached skill level 3 in Axes
  1188 | D:2      | Found a hide-covered altar of Uskayaw.
  1198 | D:2      | Reached XP level 4. HP: 29/40 MP: 3/3
  1338 | D:2      | Noticed Sigmund
  1498 | D:3      | Found a glowing drain.
  1502 | Sewer    | Entered a sewer
  1556 | Sewer    | Noticed a crocodile
  1571 | Sewer    | Killed a crocodile
  1571 | Sewer    | Reached skill level 4 in Axes
  1571 | Sewer    | Reached XP level 5. HP: 40/47 MP: 4/4
  2076 | D:3      | Reached skill level 5 in Axes
  2292 | D:3      | Reached XP level 6. HP: 53/53 MP: 5/5
  2788 | D:4      | Noticed an orc warrior
  2809 | D:4      | Killed an orc warrior
  2809 | D:4      | Reached skill level 5 in Armour
  2835 | D:4      | Reached skill level 5 in Fighting
  2835 | D:4      | Reached skill level 5 in Shields
  3115 | D:4      | Found Xozxuamp's Armour Shoppe.
  3139 | D:4      | Found Maytha Erro's Antique Weapon Boutique.
  3145 | D:4      | Found Ritaar's General Store.
  3149 | D:4      | Reached XP level 7. HP: 39/61 MP: 6/6
  3344 | D:4      | Noticed Blork the orc
  3350 | D:4      | Killed Blork the orc
  3363 | D:4      | Noticed Pikel
  3546 | D:4      | Reached skill level 6 in Axes
  3555 | D:4      | Slain by Pikel

Skill      XL: |  1  2  3  4  5  6  7 |
---------------+----------------------+-----
Shields        | 4 5 |  5.4
Armour         | 4 5 |  5.7
Fighting       | 4 5 |  5.5
Dodging        | 1 2 |  2.5
Axes           | 3 4 5 6 |  6.2
Stealth        | |  0.3

Action                   |  1- 3 |  4- 6 |  7- 9 || total
-------------------------+-------+-------+-------++-------
Melee: War axe           |    91 |   153 |    27 ||   271
       Headbutt          |    13 |    19 |    10 ||    42
  Use: Potion            |       |     1 |       ||     1
  Eat: Chunk             |     1 |     5 |     2 ||     8
Armor: Scale mail        |    61 |    66 |       ||   127
       Plate armour      |       |     1 |    15 ||    16
Dodge: Dodged            |    43 |    63 |     2 ||   108
Block: Shield            |    62 |    93 |    17 ||   172
